 Dungeon Crawl Stone Soup version 0.22.0-6-g71bd7aa (webtiles) character file.

6479 robertstho the Cleaver (level 11, -7/86 HPs)
             Began as a Merfolk Berserker on Aug 14, 2018.
             Was an Elder of Trog.
             Mangled by an orc warrior
             ... wielding a cursed +0 halberd
              (15 damage)
             ... on level 1 of the Orcish Mines.
             The game lasted 00:22:06 (10440 turns).

robertstho the Cleaver (Merfolk Berserker)         Turns: 10440, Time: 00:22:06

Health: -7/86      AC: 15    Str: 25    XL:     11   Next: 0%
Magic:  11/11      EV:  9    Int:  7    God:    Trog [****..]
Gold:   322        SH:  0    Dex: 13    Spells: 10/10 levels left

rFire    + . .     SeeInvis +   a - +1 hand axe
rCold    . . .     Gourm    +   (no shield)
rNeg     . . .     Faith    .   m - +0 plate armour
rPois    .         Spirit   .   A - +0 helmet
rElec    .         Reflect  .   y - scarf {cloud immunity}
rCorr    .         Harm     .   E - +0 pair of gloves
MR       .....                  (no boots)
Stlth    ..........             f - amulet of the gourmand
HPRegen  0.24/turn              d - +2 ring of slaying
MPRegen  0.12/turn              s - +4 ring of strength

@: berserk cooldown, slowed, very slow
A: change form in water, swift swim, stealthy swim, see invisible, fire
resistance 1
a: Berserk, Trog's Hand, Brothers in Arms, Renounce Religion


You were on level 1 of the Orcish Mines.
You worshipped Trog.
Trog was greatly pleased with you.
You were very full.

You visited 2 branches of the dungeon, and saw 11 of its levels.
You also visited: Ossuary.

You collected 706 gold pieces.
You spent 384 gold pieces at shops.

Inventory:

Hand Weapons
 a - a +1 hand axe (weapon)
Armour
 m - a +0 plate armour (worn)
 y - a scarf of cloud immunity (worn)
 A - a +0 helmet (worn)
 E - a +0 pair of gloves (worn)
Jewellery
 d - a +2 ring of slaying (left hand)
 e - an uncursed ring of positive energy
 f - an amulet of the gourmand (around neck)
 h - an uncursed ring of protection from cold
 o - an uncursed ring of protection from cold
 s - a +4 ring of strength (right hand)
Wands
 w - a wand of disintegration (24)
 C - a wand of enslavement (13)
 I - a wand of acid (6)
 L - a wand of scattershot (4)
Scrolls
 g - 4 scrolls of remove curse
 j - 2 scrolls of random uselessness {unknown}
 k - 4 scrolls of enchant armour {unknown}
 l - 2 scrolls of torment {unknown}
 q - 5 scrolls of enchant weapon
 u - 2 scrolls of blinking {unknown}
 x - 3 scrolls of fog {unknown}
 F - 6 scrolls of identify
 G - a scroll of holy word {unknown}
 J - 3 scrolls of amnesia {unknown}
Potions
 i - a potion of lignification
 n - 2 potions of heal wounds
 p - a potion of haste
 r - 5 potions of brilliance
 t - 2 potions of cancellation
 v - 2 potions of might
 z - 6 potions of curing
 B - 4 potions of agility
 D - 2 potions of magic {unknown}
 H - 5 potions of flight
Comestibles
 c - 18 rations


   Skills:
 + Level 7.8 Fighting
 * Level 10.1 Axes
 * Level 7.0 Armour
 + Level 3.7 Dodging
 - Level 2.0 Stealth
 + Level 0.4 Evocations


You had 10 spell levels left.
You didn't know any spells.
Your spell library was empty.

Dungeon Overview and Level Annotations

Branches:
Dungeon (10/15)            Temple (0/1) D:6             Orc (1/2) D:9
   Lair: D:8-11

Altars:
Ashenzari
Dithmenos
Elyvilon
Fedhas
Gozag
Makhleb
Nemelex Xobeh
Qazlal
Ru
Sif Muna
Trog
Vehumet
Xom
Yredelemnul

Shops:
D:4 ::=   Orc:1 !


Innate Abilities, Weirdness & Mutations

You revert to your normal form in water.
You are very nimble and swift while swimming.
You are very stealthy in the water. (Stealth+)
You have supernaturally acute eyesight. (SInv)
Your flesh is heat resistant. (rF+)


Message History

You slash the orc warrior!
The orc warrior is moderately wounded.
You hit the orc warrior but do no damage.
The orc warrior is moderately wounded.
The orc high priest calls upon Beogh to heal the orc warrior.
The orc warrior is healed somewhat.
The orc warrior hits you with a war axe!
* * * LOW HITPOINT WARNING * * *
You feel a strong urge to attack something.
You feel your anger nearly subside.
You are no longer berserk.
You are exhausted.
You feel yourself slow down.
You fail to use your ability.
You fail to use your ability.
The orc warrior hits you with a war axe.
* * * LOW HITPOINT WARNING * * *
The orc warrior hits you from afar with a halberd!
* * * LOW HITPOINT WARNING * * *
The orc warrior hits you from afar with a halberd!
You die...

####...#####...
##.#.....### ...
##..........##
##....#####...##
#......####....#
##......##....## #
##....##....###.###
####..#....#.#...#
#.#.@oo.##....###
###...##o.......#
##.##.....#...
#.###....#
####.o†)## ##...#
..... ###....
###...


You could see an orc high priest and 2 orc warriors.

Vanquished Creatures
  A manticore (D:10)
  Psyche (D:8)
  A troll (Orc:1)
  Prince Ribbit (D:5)
  9 yaks (D:9)
  3 hungry ghosts
  A warg (Orc:1)
  2 black bears (D:7)
  3 ice beasts
  An orc warrior (D:6)
  A sky beast (D:8)
  A necrophage (D:9)
  6 ogres
  5 centaurs
  An elf zombie (Ossuary)
  2 bullfrogs
  3 scorpions
  8 crimson imps
  2 howler monkeys
  2 centaur zombies (D:8)
  A jelly (D:6)
  4 hounds
  A human zombie (Ossuary)
  2 orc priests
  2 orc wizards
  Jessica (D:3)
  A bullfrog skeleton (D:9)
  A centaur skeleton (D:9)
  3 iguanas
  6 worker ants
  A killer bee zombie (D:8)
  3 mummies (Ossuary)
  9 adders
  3 gnolls (D:3)
  2 shadow imps
  An ooze (D:3)
  An adder skeleton (D:9)
  3 adder zombies (Ossuary)
  5 worms
  A dart slug (D:5)
  3 leopard geckos
  18 orcs
  5 giant cockroaches
  12 hobgoblins
  6 jackals
  3 quokkas
  A ball python (D:3)
  7 bats
  5 frilled lizards
  3 gnoll zombies
  8 goblins
  A goblin zombie (Ossuary)
  5 kobolds
  3 kobold zombies (Ossuary)
  A quokka skeleton (D:5)
  5 quokka zombies
  4 rats
  4 rat zombies (Ossuary)
199 creatures vanquished.

Vanquished Creatures (collateral kills)
  A catoblepas (D:9)
1 creature vanquished.

Grand Total: 200 creatures vanquished

Notes
Turn   | Place    | Note
-------+----------+-------------------------------------------
     0 | D:1      | robertstho the Merfolk Berserker began the quest for the Orb.
     0 | D:1      | Reached XP level 1. HP: 18/18 MP: 1/1
   548 | D:1      | Reached XP level 2. HP: 19/24 MP: 2/2
  1008 | D:1      | Reached skill level 1 in Stealth
  1217 | D:2      | Reached skill level 3 in Axes
  1246 | D:2      | Reached XP level 3. HP: 16/30 MP: 3/3
  1269 | D:2      | Gained mutation: Your flesh is heat resistant. (rF+) [potion of mutation]
  1269 | D:2      | Gained mutation: You have supernaturally acute eyesight. (SInv) [potion of mutation]
  1272 | D:2      | HP: 1/30 [hobgoblin (2)]
  1474 | D:2      | Found a stormy altar of Qazlal.
  1722 | D:2      | Reached ** piety under Trog
  1913 | D:2      | Found a white marble altar of Elyvilon.
  2028 | D:3      | Reached XP level 4. HP: 33/37 MP: 4/4
  2082 | D:3      | Noticed Jessica
  2088 | D:3      | Killed Jessica
  2221 | D:3      | Reached XP level 5. HP: 30/42 MP: 5/5
  2229 | D:3      | Reached skill level 4 in Axes
  2649 | D:3      | Upgraded the game from 0.22.0-5-gf09313c to 0.22.0-6-g71bd7aa
  2754 | D:3      | Reached XP level 6. HP: 19/49 MP: 6/6
  3014 | D:3      | Reached *** piety under Trog
  3726 | D:4      | Found a blossoming altar of Fedhas.
  3741 | D:4      | Found Ziuprog's Book Emporium.
  3805 | D:4      | Reached skill level 5 in Axes
  3873 | D:4      | Found Adep's Book Shop.
  3947 | D:4      | Found Qohuxzen's Jewellery Boutique.
  3969 | D:4      | Reached skill level 5 in Fighting
  3969 | D:4      | Reached XP level 7. HP: 42/56 MP: 7/7
  4503 | D:5      | Entered Level 5 of the Dungeon
  4780 | D:5      | Reached XP level 8. HP: 57/63 MP: 8/8
  4854 | D:5      | Noticed Prince Ribbit
  5126 | D:5      | Killed Prince Ribbit
  5126 | D:5      | Reached skill level 6 in Axes
  5396 | D:5      | Found a faded altar of an unknown god.
  5396 | D:5      | Found a shadowy altar of Dithmenos.
  5401 | D:5      | Found a burning altar of Makhleb.
  5403 | D:5      | Found a faded altar of an unknown god.
  5405 | D:5      | Found a deep blue altar of Sif Muna.
  5798 | D:6      | Found a staircase to the Ecumenical Temple.
  6437 | D:6      | Reached XP level 9. HP: 49/69 MP: 9/9
  6551 | D:6      | Found a shimmering altar of Xom.
  6555 | D:6      | Found an opulent altar of Gozag.
  6561 | D:6      | Found a bloodstained altar of Trog.
  6845 | D:7      | Found a bloodstained altar of Trog.
  6855 | D:7      | Reached skill level 7 in Axes
  6863 | D:7      | Reached skill level 5 in Armour
  7032 | D:7      | Found a sand-covered staircase.
  7040 | Ossuary  | Entered an ossuary
  7279 | Ossuary  | Reached **** piety under Trog
  7559 | D:7      | Found a radiant altar of Vehumet.
  7641 | D:8      | Noticed Psyche
  7653 | D:8      | Killed Psyche
  7653 | D:8      | Reached skill level 8 in Axes
  8238 | D:8      | Found an opulent altar of Gozag.
  8373 | D:8      | Found a shattered altar of Ashenzari.
  8373 | D:8      | Found a sacrificial altar of Ru.
  8373 | D:8      | Found a sparkling altar of Nemelex Xobeh.
  8546 | D:8      | Reached XP level 10. HP: 72/77 MP: 10/10
  8837 | D:9      | Reached skill level 9 in Axes
  9265 | D:9      | Found a staircase to the Orcish Mines.
  9690 | D:9      | Found a basalt altar of Yredelemnul.
  9770 | D:10     | Entered Level 10 of the Dungeon
  9824 | D:10     | Noticed a manticore
  9834 | D:10     | Killed a manticore
  9851 | D:10     | Noticed a catoblepas
  9859 | D:9      | HP: 3/80 [catoblepas (7)]
  9871 | D:9      | Killed a catoblepas
  9871 | D:9      | Reached skill level 10 in Axes
 10114 | Orc:1    | Entered Level 1 of the Orcish Mines
 10117 | Orc:1    | Found Gapsaofe's Distillery.
 10366 | Orc:1    | Bought a potion of curing for 48 gold pieces
 10366 | Orc:1    | Bought a potion of curing for 48 gold pieces
 10366 | Orc:1    | Bought a potion of heal wounds for 80 gold pieces
 10366 | Orc:1    | Bought a potion of lignification for 48 gold pieces
 10366 | Orc:1    | Bought a potion of brilliance for 64 gold pieces
 10366 | Orc:1    | Bought a potion of flight for 48 gold pieces
 10366 | Orc:1    | Bought a potion of curing for 48 gold pieces
 10423 | Orc:1    | Noticed an orc high priest
 10430 | Orc:1    | Reached XP level 11. HP: 40/86 MP: 11/11
 10440 | Orc:1    | Mangled by an orc warrior

Skill      XL: |  1  2  3  4  5  6  7  8  9 10 |
---------------+-------------------------------+-----
Stealth        | 1 2 |  2.0
Axes           | 3 4 5 6 8 10 | 10.1
Fighting       | 4 5 6 7 |  7.8
Dodging        | 3 |  3.7
Armour         | 2 3 4 5 7 |  7.0
Evocations     | |  0.4

Action                   |  1- 3 |  4- 6 |  7- 9 | 10-12 || total
-------------------------+-------+-------+-------+-------++-------
Melee: Hand axe          |   123 |   167 |   413 |   182 ||   885
Invok: Berserk           |     3 |     5 |     8 |     5 ||    21
       Trog's Hand       |       |     1 |     1 |     1 ||     3
       Brothers in Arms  |       |       |       |     1 ||     1
Evoke: Wand              |       |       |     3 |       ||     3
  Use: Scroll            |     3 |       |     6 |     2 ||    11
       Potion            |     1 |     1 |       |     3 ||     5
 Stab: Sleeping          |     2 |       |       |       ||     2
  Eat: Chunk             |    11 |    15 |    31 |    25 ||    82
       Ration            |     1 |       |       |     2 ||     3
Armor: Animal skin       |    14 |     7 |       |       ||    21
       Plate armour      |       |    69 |   207 |    79 ||   355
Dodge: Dodged            |    85 |    94 |   155 |    69 ||   403
